 Dungeon Crawl Stone Soup version 0.24.0-13-gcf9b3192b9 (webtiles) character file.

Game seed: 895964205653238043, levelgen mode: deterministic

102321 Brecoman the Zephyrmancer (level 16, -1/93 HPs)
             Began as a Tengu Air Elementalist on Nov 8, 2019.
             Was a High Priest of Hepliaklqana.
             Slain by a four-headed hydra (5 damage)
             ... on level 4 of the Swamp.
             The game lasted 02:41:01 (44779 turns).

Brecoman the Zephyrmancer (Tengu Air Elementalist) Turns: 44779, Time: 02:41:01

Health: -1/93      AC: 19    Str:  9    XL:     16   Next: 32%
Magic:  27/42      EV: 19    Int: 21    God:    Hepliaklqana [*****.]
Gold:   724        SH:  0    Dex: 16    Spells: 6/40 levels left

rFire    . . .     SeeInvis .   Y - +7 dagger "Zuorph" {elec, Fragile rElec rN+++ MP+9}
rCold    . . .     Gourm    .   (no shield)
rNeg     + + +     Faith    .   a - quicksilver dragon scales
rPois    .         Spirit   .   (helmet restricted)
rElec    +         Reflect  .   M - +0 cloak
rCorr    .         Harm     .   W - +0 pair of gloves
MR       ++...                  (boots unavailable)
Stlth    +.........             (no amulet)
HPRegen  0.25/turn              K - +3 ring of protection
MPRegen  0.28/turn              Q - +5 ring of protection

@: flying quickly and evasively, very slightly contaminated, quick
A: reduced essence, beak, talons 3, able to fly
a: Stop Flying, Recall Ancestor, Ancestor Identity, Transference, Idealise,
Renounce Religion


You were on level 4 of the Swamp.
You worshipped Hepliaklqana.
Hepliaklqana was extremely pleased with you.
You were not hungry.

You visited 4 branches of the dungeon, and saw 24 of its levels.

You collected 2700 gold pieces.
You spent 1976 gold pieces at shops.

Inventory:

Hand Weapons
 Y - the +7 dagger "Zuorph" (weapon) {elec, Fragile rElec rN+++ MP+9}
   (You bought it in a shop on level 2 of the Orcish Mines)

   Occasionally, upon striking a foe, it will discharge some electrical energy
   and cause terrible harm.
   It insulates you from electricity.
   It renders you almost immune to negative energy.
   It affects your magic capacity (+9).
   It will be destroyed if unequipped.
Missiles
 g - 461 stones (quivered)
 t - 2 throwing nets
Armour
 a - quicksilver dragon scales (worn)
 M - a +0 cloak (worn)
 W - a +0 pair of gloves (worn)
Jewellery
 q - an uncursed ring of protection from magic
 u - an uncursed ring of protection from cold
 E - an uncursed ring of protection from fire
 K - a +3 ring of protection (left hand)
 Q - a +5 ring of protection (right hand)
Wands
 j - a wand of paralysis (14)
 p - a wand of acid (8)
 x - a wand of polymorph (25)
 y - a wand of digging (11)
 B - a wand of enslavement (20)
 I - a wand of flame (11)
 L - a wand of random effects (12)
 U - a wand of iceblast (27)
Scrolls
 b - 7 scrolls of identify
 d - 2 scrolls of blinking
 e - 4 scrolls of fear
 f - 4 scrolls of amnesia
 k - 6 scrolls of enchant weapon
 m - 3 scrolls of enchant armour
 r - 3 scrolls of magic mapping
 s - 7 scrolls of remove curse
 v - 3 scrolls of torment
 A - 3 scrolls of vulnerability
 C - 4 scrolls of teleportation
 G - 5 scrolls of immolation
 R - 2 scrolls of fog
 V - a scroll of brand weapon
 X - a scroll of silence
Potions
 h - 5 potions of might
 l - 4 potions of lignification
 n - 8 potions of curing
 o - 4 potions of resistance
 w - 4 potions of brilliance
 z - 3 potions of ambrosia
 D - 6 potions of mutation
 F - 6 potions of agility
 O - a potion of degeneration {unknown}
 P - 2 potions of haste
 Z - a potion of cancellation
Miscellaneous
 i - a fan of gales
 J - a phial of floods
 N - a phantom mirror
 S - a lamp of fire
Comestibles
 c - 35 rations


   Skills:
 - Level 13.1 Fighting
 + Level 5.9 Short Blades
 - Level 10.4 Dodging
 - Level 2.0 Stealth
 - Level 12.5 Spellcasting
 - Level 12.6 Conjurations
 - Level 7.0 Summonings
 - Level 7.0 Fire Magic
 - Level 13.9 Air Magic
 - Level 7.3 Invocations
 - Level 5.0 Evocations


You had 6 spell levels left.
You knew the following spells:

 Your Spells              Type           Power        Failure   Level  Hunger
a - Shock                 Conj/Air       ####         1%          1    None
b - Airstrike             Air            ######....   1%          4    None
c - Static Discharge      Conj/Air       ######..     1%          3    None
d - Swiftness             Chrm/Air       #####...     1%          2    None
e - Lightning Bolt        Conj/Air       ######....   1%          5    ####...
f - Fireball              Conj/Fire      ######....   7%          5    ####...
g - Sticky Flame          Conj/Fire      ######..     2%          4    None
h - Summon Lightning Spi  Summ/Air       ######..     1%          4    None
i - Conjure Ball Lightni  Conj/Air       ######....   10%         6    #####..

Your spell library contained the following spells:

 Spells                   Type           Power        Failure   Level  Hunger
 Flame Tongue             Conj/Fire      #####        1%          1    None
 Magic Dart               Conj           ####         1%          1    None
 Summon Small Mammal      Summ           ####         1%          1    None
 Call Imp                 Summ           #####...     1%          2    None
 Searing Ray              Conj           ######       1%          2    None
 Throw Flame              Conj/Fire      ######       1%          2    None
 Conjure Flame            Conj/Fire      ######..     1%          3    None
 Iskenderun's Mystic Bla  Conj           ######..     1%          4    None
 Call Canine Familiar     Summ           #####...     2%          3    None
 Dazzling Spray           Conj/Hex       #####.       3%          3    None
 Inner Flame              Hex/Fire       ####....     10%         3    None
 Summon Guardian Golem    Hex/Summ       ####....     10%         3    None
 Force Lance              Conj/Tloc      #####...     11%         4    None
 Fulminant Prism          Conj/Hex       #####.....   11%         4    None
 Corona                   Hex            ##.....      14%         1    None
 Infusion                 Chrm           ##..         14%         1    None
 Ensorcelled Hibernation  Hex/Ice        ##....       22%         2    None
 Shroud of Golubria       Chrm/Tloc      ##....       22%         2    None
 Song of Slaying          Chrm           ##......     22%         2    None
 Silence                  Hex/Air        #####.....   22%         5    ####...
 Bolt of Magma            Conj/Fire/Erth #####.....   26%         5    ####...
 Iskenderun's Battlesphe  Conj/Chrm      #####...     28%         5    ####...
 Venom Bolt               Conj/Pois      #####.....   28%         5    ####...
 Summon Ice Beast         Ice/Summ       ####....     32%         4    None
 Confuse                  Hex            ##......     38%         3    None
 Regeneration             Chrm/Necr      ##........   38%         3    None
 Spectral Weapon          Hex/Chrm       ##......     38%         3    None
 Tukima's Dance           Hex            ##......     38%         3    None
 Deflect Missiles         Chrm/Air       #####.....   77%         6    #####..
 Leda's Liquefaction      Hex/Erth       ##........   80%         4    None
 Iron Shot                Conj/Erth      #####.....   85%         6    #####..
 Statue Form              Tmut/Erth      ##.......    100%        6    #####..
 Orb of Destruction       Conj           ######....   54%         7    #######
 Spellforged Servitor     Conj/Summ      ######....   90%         7    #######
 Shatter                  Erth           ##........   100%        9    #######
 Tornado                  Air            ######....   100%        9    #######


Dungeon Overview and Level Annotations

Branches:
Dungeon (12/15)            Temple (0/1) D:5            Lair (6/6) D:10
  Swamp (4/4) Lair:2       Spider (0/4) Lair:2        Slime (0/5) Lair:5
    Orc (2/2) D:12            Elf (0/3) Orc:2

Altars:
Cheibriados
Elyvilon
Gozag
Hepliaklqana
Makhleb
Nemelex Xobeh
Okawaru
Qazlal
Ru
Uskayaw
Xom
Zin

Shops:
D:7 !(   D:12 [   Orc:2 (:*[=

Annotations:
Lair:5 3 runed translucent doors, oberejnoburuli's ghost, journeyman GnWz
Swamp:2 5 transporters
Orc:2 3 runed translucent doors, ponobo's ghost, journeyman DrCj


Innate Abilities, Weirdness & Mutations

You have a beak for a mouth.
You have claws for feet.
You can fly continuously.
Your life essence is reduced to manifest your ancestor. (-10% HP)


Message History

As you read the scroll of fog, it crumbles to dust.
The scroll dissolves into smoke.
You feel much better.
The steam dragon hisses angrily.
The steam dragon breathes steam at you. The ball of steam hits you!
You are engulfed in a cloud of scalding steam.
You are engulfed in a cloud of scalding steam.
The four-headed hydra is engulfed in a cloud of scalding steam.
There is a stone staircase leading up, spattered with blood here.
The steam dragon breathes steam at you. The ball of steam hits you!!
* * * LOW HITPOINT WARNING * * *
The four-headed hydra bites you.
* * * LOW HITPOINT WARNING * * *
The four-headed hydra bites you but does no damage.
The four-headed hydra bites you!
* * * LOW HITPOINT WARNING * * *
The four-headed hydra bites you.
You die...

♣♣♣♣♣ ♣...♣ ♣♣♣♣♣ ≈≈≈≈♣♣
♣♣≈≈.♣♣♣♣♣♣♣♣ ≈≈≈≈≈♣
♣≈....≈♣≈..≈♣
≈≈≈<♣♣♣♣.≈.≈≈......♣
....♣..≈.≈...≈≈D@≈♣♣♣♣♣
$.≈≈D.≈≈...D.≈≈≈§....≈♣
≈≈≈≈..≈≈≈..≈.≈.≈§≈≈..≈♣
≈≈≈≈≈.≈≈≈≈≈≈.§§§≈≈≈.♣♣♣
...≈≈≈≈§§≈≈≈≈.≈.≈≈≈..♣♣
≈≈≈≈≈≈≈≈§§§§.≈§≈D♣≈...♣
≈≈≈≈≈≈≈≈§§§§§≈≈≈.♣...♣♣
≈≈≈≈≈≈≈≈§§§§§..§...≈..♣
≈≈≈≈≈≈≈≈≈≈.§§§≈≈..≈.≈.≈♣


You could see a fire dragon and a four-headed hydra.

Vanquished Creatures
  Jorgrun (Swamp:1)
  Frances (D:11)
  Kirke (Swamp:1)
  9 hydras
  An ice dragon (Lair:6)
  5 alligators
  5 orc high priests
  12 death yaks
  A fire crab (Swamp:4)
  2 skeletal warriors (D:12)
  5 swamp dragons
  An unseen horror (D:12)
  2 lindwurms (Lair:6)
  5 orc knights (Orc:2)
  A wolf spider (Lair:6)
  An ugly thing (D:11)
  3 cyclopes
  A centaur zombie (D:10)
  Maurice (D:9)
  6 black mambas
  3 elephants (Lair:6)
  A guardian serpent (Lair:6)
  5 torpor snails
  A gargoyle (D:11)
  13 spiny frogs
  2 rime drakes
  A centaur skeleton (D:12)
  6 komodo dragons
  5 trolls
  2 polar bears
  3 jumping spiders (Lair:2)
  5 tyrant leeches
  4 blink frogs (Lair:4)
  11 slime creatures
  6 hippogriffs
  11 hornets
  2 dream sheep (Lair:6)
  6 bog bodies
  2 spriggans (Swamp:2)
  5 redbacks
  2 vampires (D:11)
  Sigmund (D:2)
  Eustachio (D:3)
  6 basilisks
  A shadow (Swamp:2)
  2 hogs (D:10)
  11 wyverns
  2 humans
  26 yaks
  4 hungry ghosts
  3 vampire mosquitoes (D:12)
  Edmund (D:4)
  5 wargs
  An acid dragon (D:10)
  15 swamp worms
  6 porcupines
  12 water moccasins
  5 sky beasts
  5 swamp drakes
  An ice beast (D:9)
  25 orc warriors
  An eye of draining (D:12)
  8 ogres
  A boggart (D:11)
  A black bear (D:10)
  16 wolves
  2 centaurs
  7 crocodiles
  Blork the orc (D:4)
  9 bullfrogs
  2 scorpions
  A wyvern skeleton (D:7)
  17 killer bees
  11 wights
  5 electric eels
  A howler monkey (D:12)
  2 crimson imps
  A bullfrog zombie (D:5)
  9 hounds
  4 jellies
  23 orc priests
  5 iguanas
  3 bullfrog skeletons
  2 knights
  13 orc wizards
  9 hell rats
  7 worker ants
  Ijyb (D:4)
  A hound zombie (D:6)
  A howler monkey zombie (D:4)
  Robin (D:3)
  10 gnolls
  2 howler monkey skeletons
  11 adders
  4 river rats (Lair:6)
  4 shadow imps
  2 oozes
  2 adder zombies
  4 worms
  A dart slug (D:1)
  6 leopard geckos
  64 orcs
  9 bats
  19 giant cockroaches
  11 hobgoblins
  18 jackals
  3 kobolds
  4 quokkas
  2 ball pythons
  16 goblins
  13 rats
  A plant (Lair:4)
664 creatures vanquished.

Vanquished Creatures (collateral kills)
  2 hydras
  A catoblepas (Lair:4)
  A ghost crab (Swamp:3)
  4 death yaks
  A spriggan (Swamp:2)
  A skeletal warrior (D:12)
  2 orc knights
  A wolf spider (Lair:6)
  2 black mambas (Lair:6)
  4 spiny frogs
  4 torpor snails
  2 komodo dragons
  2 jumping spiders (Lair:2)
  A troll (Orc:2)
  A polar bear (Lair:6)
  2 hornets
  7 tyrant leeches
  3 slime creatures
  4 dream sheep (Lair:6)
  2 redbacks
  A wyvern (Lair:6)
  A human (shapeshifter) (D:10)
  7 yaks
  2 hogs (Swamp:1)
  A basilisk (Lair:4)
  A warg (Orc:1)
  A swamp worm (Swamp:1)
  7 water moccasins
  A porcupine (Lair:5)
  10 orc warriors
  An ice beast (D:7)
  An ogre (Orc:1)
  5 wolves
  A crocodile (Lair:6)
  2 bullfrogs
  2 killer bees (D:8)
  A howler monkey (D:12)
  2 wights (D:12)
  2 orc priests
  A quasit (D:8)
  A centaur skeleton (D:11)
  An iguana (D:7)
  A hell rat (Lair:5)
  A hound zombie (D:7)
  A gnoll (Orc:1)
  An adder (D:12)
  17 orcs
  A jackal (D:6)
  3 fungi
  5 plants
129 creatures vanquished.

Vanquished Creatures (others)
  A hydra (Swamp:4)
  A swamp dragon (Swamp:4)
  2 lindwurms (Swamp:4)
  2 ball lightnings (Swamp:1)
  A steam dragon (Swamp:4)
  A human (Swamp:1)
  6 swamp drakes (Swamp:4)
  11 knights
  An ancestor (D:4)
  A rat (D:2)
  A bush (Lair:5)
  36 fungi
  82 plants
146 creatures vanquished.

Grand Total: 939 creatures vanquished

Notes
Turn   | Place    | Note
-------+----------+-------------------------------------------
     0 | D:1      | Brecoman the Tengu Air Elementalist began the quest for the
                  | Orb.
     0 | D:1      | Reached XP level 1. HP: 10/10 MP: 4/4
   141 | D:1      | Reached XP level 2. HP: 16/16 MP: 3/6
   336 | D:1      | Reached skill level 1 in Fighting
   634 | D:1      | Reached XP level 3. HP: 18/20 MP: 0/7
  1144 | D:2      | Noticed Sigmund
  1385 | D:2      | Found a white marble altar of Elyvilon.
  1424 | D:2      | Found a sparkling altar of Nemelex Xobeh.
  1666 | D:2      | Found a snail-covered altar of Cheibriados.
  1695 | D:2      | Found a hide-covered altar of Uskayaw.
  1918 | D:2      | Reached XP level 4. HP: 26/26 MP: 4/9
  2063 | D:2      | Killed Sigmund
  2063 | D:2      | Reached skill level 5 in Air Magic
  2063 | D:2      | Gained mutation: You can fly continuously. [Tengu growth]
  2063 | D:2      | Reached XP level 5. HP: 32/32 MP: 8/11
  2103 | D:2      | Learned a level 4 spell: Airstrike
  2226 | D:3      | Reached XP level 6. HP: 37/37 MP: 4/12
  3113 | D:3      | Noticed Robin
  3117 | D:3      | Killed Robin
  3718 | D:4      | Noticed Edmund
  3835 | D:4      | Noticed Eustachio
  4240 | D:4      | Reached XP level 7. HP: 31/41 MP: 11/14
  4364 | D:3      | Killed Eustachio
  4733 | D:4      | Noticed Blork the orc
  4747 | D:4      | Killed Blork the orc
  5151 | D:4      | Noticed Ijyb
  5154 | D:4      | Killed Ijyb
  5154 | D:4      | Reached XP level 8. HP: 47/48 MP: 1/15
  5278 | D:4      | Found a hazy altar of Hepliaklqana.
  5285 | D:4      | Became a worshipper of Hepliaklqana the Forgotten
  5389 | D:4      | Learned a level 3 spell: Static Discharge
  5392 | D:4      | Learned a level 2 spell: Swiftness
  5643 | D:4      | Killed Edmund
  6038 | D:4      | Found a glowing silver altar of Zin.
  6040 | D:4      | Found an opulent altar of Gozag.
  6116 | D:5      | Entered Level 5 of the Dungeon
  6543 | D:5      | Found a sacrificial altar of Ru.
  6572 | D:5      | Found a staircase to the Ecumenical Temple.
  6585 | D:5      | Reached * piety under Hepliaklqana
  6678 | D:5      | Reached skill level 5 in Spellcasting
  7015 | D:6      | Found a stormy altar of Qazlal.
  7015 | D:6      | Found a shimmering altar of Xom.
  7324 | D:6      | Reached skill level 5 in Dodging
  7324 | D:6      | Reached skill level 5 in Conjurations
  7510 | D:6      | Reached skill level 5 in Fighting
  7510 | D:6      | Reached XP level 9. HP: 48/48 MP: 9/18
  8092 | D:7      | Found Yfalub's Distillery.
  8102 | D:7      | Bought a potion of heal wounds for 75 gold pieces
  8392 | D:7      | Reached ** piety under Hepliaklqana
  8394 | D:7      | Remembered your ancestor Tihomir as a knight
  8732 | D:7      | Found Xeacs's Antique Weapon Boutique.
  9685 | D:7      | Bought a bloodstained long sword for 212 gold pieces
  9685 | D:7      | Identified the cursed +1 long sword of Stickiness {venom,
                  | rC+ MP+9 Int+4} (You bought it in a shop on level 7 of the
                  | Dungeon)
 10079 | D:8      | Got a jewelled rapier
 10291 | D:8      | Reached XP level 10. HP: 56/56 MP: 12/21
 10322 | D:8      | Got a crystal mace
 10771 | D:8      | Reached *** piety under Hepliaklqana
 11295 | D:9      | Found a burning altar of Makhleb.
 11300 | D:9      | Noticed Maurice
 11332 | D:9      | Killed Maurice
 11933 | D:9      | Found an iron altar of Okawaru.
 12044 | D:10     | Entered Level 10 of the Dungeon
 12362 | D:10     | Found a staircase to the Lair.
 12750 | D:10     | Identified the +7 mace of Guile {antimagic, MR+} (You found
                  | it on level 8 of the Dungeon)
 12751 | D:10     | Identified the cursed +1 rapier "Bocymacw" {speed, -Tele
                  | rC++} (You found it on level 8 of the Dungeon)
 13001 | D:10     | Reached XP level 11. HP: 55/63 MP: 25/25
 13229 | D:11     | Reached **** piety under Hepliaklqana
 13305 | D:11     | Reached skill level 10 in Fighting
 13912 | D:11     | Noticed a cyclops
 13921 | D:11     | Killed a cyclops
 13921 | D:11     | Reached skill level 10 in Spellcasting
 14325 | D:11     | Noticed a green ugly thing
 14334 | D:11     | Killed a green ugly thing
 14990 | Lair:1   | Entered Level 1 of the Lair of Beasts
 15718 | Lair:1   | Reached ***** piety under Hepliaklqana
 16074 | Lair:2   | Reached skill level 1 in Invocations
 16386 | Lair:2   | Noticed a five-headed hydra
 16399 | Lair:2   | Killed a five-headed hydra
 16527 | Lair:2   | Reached XP level 12. HP: 71/71 MP: 19/27
 16959 | Lair:2   | Reached skill level 5 in Invocations
 17325 | Lair:2   | Found a hole to the Spider Nest.
 17701 | Lair:2   | Noticed a four-headed hydra
 17708 | Lair:2   | Killed a four-headed hydra
 18305 | Lair:2   | Found a staircase to the Swamp.
 18355 | Lair:2   | Reached skill level 10 in Air Magic
 18376 | Lair:2   | Learned a level 5 spell: Lightning Bolt
 19105 | Lair:3   | Got a pitted lajatang
 19116 | Lair:3   | Identified the +6 lajatang of the Queen {slice, Str+3} (You
                  | found it on level 3 of the Lair of Beasts)
 21085 | Lair:4   | Reached skill level 10 in Conjurations
 21245 | Lair:4   | Learned a level 5 spell: Fireball
 21270 | Lair:4   | Noticed a seven-headed hydra
 21280 | Lair:4   | Killed a seven-headed hydra
 21280 | Lair:4   | Reached skill level 1 in Fire Magic
 21280 | Lair:4   | Reached XP level 13. HP: 75/75 MP: 17/28
 22873 | Lair:5   | Found a runed translucent gate.
 22873 | Lair:5   | Found a runed translucent gate.
 22873 | Lair:5   | Found a runed translucent gate.
 22878 | Lair:5   | Noticed oberejnoburuli's ghost (journeyman GnWz)
 23047 | Lair:5   | Learned a level 4 spell: Sticky Flame
 24116 | Lair:4   | Reached skill level 5 in Fire Magic
 24417 | Lair:5   | Found a snail-covered altar of Cheibriados.
 25309 | Lair:5   | Found a staircase to the Slime Pits.
 26406 | Lair:5   | Found a runed translucent gate.
 26406 | Lair:5   | Found a runed translucent gate.
 26406 | Lair:5   | Found a runed translucent gate.
 26609 | Lair:5   | Found a staircase to the Slime Pits.
 26678 | Lair:5   | Reached XP level 14. HP: 65/79 MP: 18/29
 26908 | Lair:5   | Found a snail-covered altar of Cheibriados.
 27158 | Lair:6   | Entered Level 6 of the Lair of Beasts
 29111 | Lair:6   | Paralysed by a hornet for 3 turns
 29517 | Lair:6   | Learned a level 4 spell: Summon Lightning Spire
 29647 | Lair:6   | Reached skill level 1 in Summonings
 30276 | Lair:6   | Found a runed translucent door.
 32366 | D:12     | Found Susuo's Antique Armour Emporium.
 32371 | D:12     | Noticed Frances
 32508 | D:11     | Killed Frances
 32508 | D:11     | Reached XP level 15. HP: 16/86 MP: 6/31
 33548 | D:12     | Reached skill level 5 in Summonings
 33962 | D:12     | Found a staircase to the Orcish Mines.
 34135 | Orc:1    | Entered Level 1 of the Orcish Mines
 34676 | Orc:1    | You are sucked into a shaft and drop 1 floor!
 34676 | Orc:2    | Entered Level 2 of the Orcish Mines
 34678 | Orc:2    | Found a runed translucent gate.
 35222 | Orc:2    | Found a staircase to the Elven Halls.
 36294 | Orc:2    | Found Dypt's Weapon Shop.
 37416 | Orc:2    | Found Usosh's Jewellery Shoppe.
 37416 | Orc:2    | Found Jerut's Book Shoppe.
 37417 | Orc:2    | Found Wefuap Nedur's Antique Armour Emporium.
 37417 | Orc:2    | Found Vurph's Assorted Antiques.
 37432 | Orc:2    | Bought a book of Power for 630 gold pieces
 37439 | Orc:2    | Learned a level 6 spell: Conjure Ball Lightning
 37652 | Orc:2    | Found a runed translucent gate.
 37653 | Orc:2    | Found a runed translucent gate.
 37653 | Orc:2    | Noticed ponobo's ghost (journeyman DrCj)
 37664 | Orc:2    | Found an iron altar of Okawaru.
 37829 | Swamp:1  | Entered Level 1 of the Swamp
 38747 | Swamp:1  | Noticed Kirke
 38755 | Swamp:1  | Noticed a sphinx
 38889 | Swamp:1  | Noticed a sphinx
 38892 | Swamp:1  | Killed Kirke
 38892 | Swamp:1  | Reached skill level 1 in Evocations
 39085 | Swamp:1  | Noticed Jorgrun
 39107 | Swamp:1  | Killed Jorgrun
 39107 | Swamp:1  | Reached skill level 10 in Dodging
 39437 | Orc:2    | Bought the +7 dagger "Zuorph" {elec, Fragile rElec rN+++
                  | MP+9} for 1059 gold pieces
 40349 | Swamp:2  | Noticed a thorn hunter
 40468 | Swamp:2  | Found a transporter.
 40680 | Swamp:2  | Identified the cursed +1 scale mail "Utoddi Heimn" {Str+4}
 41003 | Swamp:2  | Reached skill level 1 in Short Blades
 41154 | Swamp:2  | Found a transporter.
 41168 | Swamp:2  | Found a transporter.
 41168 | Swamp:2  | Found a transporter.
 41270 | Swamp:2  | Reached XP level 16. HP: 93/93 MP: 9/33
 41442 | Swamp:2  | Found a transporter.
 42895 | Swamp:4  | Entered Level 4 of the Swamp
 43936 | Swamp:4  | Reached skill level 5 in Evocations
 44191 | Swamp:4  | Reached skill level 5 in Short Blades
 44779 | Swamp:4  | HP: 4/93 [four-headed hydra (9)]
 44779 | Swamp:4  | Slain by a four-headed hydra

Levels and vault maps discovered:
D:1:      dpeg_arrival_tiny_c, layout_loops_ring
D:2:      layout_rooms, elyvilon_altar_4, nicolae_overflow_hidden_temple,
          small_statue_intersection, nemelex_lonely_heart_becter, uniq_sigmund
D:3:      minmay_roachtagon, layout_loops_corners, first_ration, uniq_robin
D:4:      layout_loops_corners, grunt_temple_overflow_gold_and_silver,
          lemuel_round_altar, minmay_misc_feat_plants, grunt_ministairs_9,
          chequers_decorated_corner, minivault_23, minmay_misc_feat_five,
          minmay_cut_off, uniq_eustachio, uniq_edmund, uniq_blork_the_orc,
          uniq_ijyb
D:5:      layout_cave_pools, minmay_temple_entry_nine_rooms,
          nicolae_ru_sacrificial_ziggurat
D:6:      layout_rooms, gammafunk_temple_overflow_pools
D:7:      layout_loops_ring, serial_shops, kennysheep_mini, shop
D:8:      layout_basic
D:9:      layout_basic, lemuel_doored_altar, old_standard_altar, uniq_maurice
D:10:     layout_cave_pools, lair_entry_dummy, grunt_livestock
D:11:     minmay_cornered_nines, layout_irregular_city
D:12:     layout_rooms, orc_0_dummy, serial_shops,
          nicolae_shop_overgrown_old_shop, uniq_frances
Lair:1:   layout_regular_city
Lair:2:   layout_long_grid, nicolae_swamp_entry_splash_gauntlet,
          nicolae_spider_entry_tight_spaces
Lair:3:   layout_roguey, disabler_island, infiniplex_staircase_pool
Lair:4:   layout_roguey, serial_bayou, serial_bayou_pond_d, serial_bayou_pond_a,
          serial_bayou_pond_b, serial_bayou_pond_e, serial_bayou_shore_b,
          beast_lair_carwin_6
Lair:5:   layout_long_grid, dpeg_slime_entry_corner, gammafunk_ghost_hydra_chop,
          kennysheep_snail_temple
Lair:6:   wormcave, layout_small_grid, hangedman_lair_tendril_chambers,
          kennysheep_abandoned_house
Swamp:1:  layout_basic_swamp, evilmike_swamp_ruin_house_3, swamp_pool3,
          uniq_jorgrun, uniq_kirke
Swamp:2:  gammafunk_the_bubble [the_bubble_gammafunk_roulette],
          layout_basic_swamp, serial_swamp_ruin, evilmike_swamp_ruin_house_6,
          evilmike_swamp_ruin_house_2, evilmike_swamp_ruin_house_4, swamp_pool1
Swamp:3:  layout_falls_marsh, hangedman_swamp_cone
Swamp:4:  swamp_fiery, layout_basic_swamp
Orc:1:    layout_diamond_mine
Orc:2:    st_orc_pillars, layout_diamond_mine, gammafunk_ghost_fury_of_okawaru,
          serial_shops, shop

Skill      XL: |  1  2  3  4  5  6  7  8  9 10 11 12 13 14 15 16 |
---------------+-------------------------------------------------+-----
Fighting       | 1 2 3 4 5 7 9 10 12 13 | 13.1
Spellcasting   | 3 4 5 7 9 10 11 12 | 12.5
Air Magic      | 5 6 7 8 9 11 13 | 13.9
Dodging        | 3 4 5 8 10 | 10.4
Conjurations   | 3 5 6 7 10 12 | 12.6
Invocations    | 4 7 |  7.3
Fire Magic     | 1 6 7 |  7.0
Summonings     | 4 7 |  7.0
Evocations     | 2 5 |  5.0
Short Blades   | 1 5 |  5.9
Stealth        | |  2.0

Action                   |  1- 3 |  4- 6 |  7- 9 | 10-12 | 13-15 | 16-18 || total
-------------------------+-------+-------+-------+-------+-------+-------++-------
Melee: Dagger            |    26 |    32 |     3 |       |    16 |    21 ||    98
       Kick              |     6 |     4 |    28 |    29 |   128 |     5 ||   200
       Peck              |     4 |     7 |    13 |    26 |    87 |     3 ||   140
       Whip              |       |       |   114 |       |       |       ||   114
       Short sword       |       |       |     3 |       |       |       ||     3
       Long sword        |       |       |     1 |   106 |   240 |       ||   347
       Lajatang          |       |       |       |     5 |       |       ||     5
       Staff             |       |       |       |     2 |       |       ||     2
Throw: Stone             |     1 |       |       |       |       |       ||     1
 Cast: Shock             |    83 |    92 |    49 |    30 |    21 |       ||   275
       Airstrike         |       |     5 |   105 |   357 |   700 |   123 ||  1290
       Static Discharge  |       |       |       |     3 |     4 |     2 ||     9
       Sticky Flame      |       |       |       |       |    48 |     3 ||    51
       Lightning Bolt    |       |       |       |       |     5 |       ||     5
       Fireball          |       |       |       |       |    34 |     1 ||    35
       Summon Lightning  |       |       |       |       |     4 |     1 ||     5
       Swiftness         |       |       |       |       |     1 |       ||     1
       Conjure Ball Ligh |       |       |       |       |     1 |       ||     1
Invok: Recall Ancestor   |       |       |     3 |    11 |    26 |     3 ||    43
       Ancestor Life: Kn |       |       |     1 |       |       |       ||     1
       Transference      |       |       |       |       |     2 |       ||     2
       Idealise          |       |       |       |       |     1 |       ||     1
 Abil: Fly               |       |     1 |       |       |       |       ||     1
Evoke: Wand              |       |     2 |       |       |     1 |       ||     3
  Use: Scroll            |       |     9 |     8 |     9 |     6 |     5 ||    37
       Potion            |       |       |       |       |     4 |     3 ||     7
 Stab: Sleeping          |       |     1 |     1 |     1 |     1 |       ||     4
       Distracted        |       |       |     1 |       |     3 |       ||     4
  Eat: Chunk             |     4 |     7 |    28 |    25 |    36 |     1 ||   101
       Ration            |       |       |     2 |     6 |    10 |     3 ||    21
Armor: Leather armour    |    19 |    17 |    22 |     7 |       |       ||    65
       Quicksilver drago |       |       |       |    78 |   201 |    39 ||   318
Dodge: Dodged            |    46 |    52 |   131 |   161 |   424 |    66 ||   880
       Rpst.: Long sword |       |       |       |    41 |   110 |       ||   151
